 Dungeon Crawl Stone Soup version 0.29.0-10-g45618ea6d2 (webtiles) character file.

Game seed: 11316654214440155782

74 CalmDownMonkey the Chopper (level 4, -1/28 HPs)
             Began as a Gargoyle Fighter on Sept 1, 2022.
             Slain by Natasha (7 damage)
             ... on level 2 of the Dungeon.
             The game lasted 00:05:42 (2278 turns).

CalmDownMonkey the Chopper (Gargoyle Fighter)       Turns: 2278, Time: 00:05:43

Health: -1/28      AC: 14    Str: 22    XL:     4   Next: 30%
Magic:  4/4        EV:  9    Int:  8    God:
Gold:   80         SH:  4    Dex:  9    Spells: 3/3 levels left

rFire   x . .      SeeInvis .   a - +0 war axe
rCold   + . .      Faith    .   c - +0 buckler
rNeg    + . .      Spirit   .   b - +0 scale mail
rPois   ∞          Reflect  .   (no helmet)
rElec   +          Harm     .   (no cloak)
rCorr   .          Rampage  .   (no gloves)
Will    .....                   (no boots)
Stlth   ..........              (no amulet)
HPRegen 0.09/turn               f - +4 ring of protection
MPRegen 0.09/turn               q - ring of ice

@: slowed, very slow
A: sickness immunity, AC +3, negative energy resistance 1, electricity
resistance, torment resistance 1, petrification resistance
a: no special abilities


You were on level 2 of the Dungeon.
You visited 1 branch of the dungeon, and saw 2 of its levels.

You collected 80 gold pieces.

Inventory:

Hand Weapons
 a - a +0 war axe (weapon)
 l - a +0 sling
Missiles
 e - 45 stones
 n - 6 boomerangs (quivered)
Armour
 b - a +0 scale mail (worn)
 c - a +0 buckler (worn)
Jewellery
 f - a +4 ring of protection (left hand)
   (You found it on level 1 of the Dungeon)
 q - a ring of ice (right hand)
   (You found it on level 2 of the Dungeon)
Scrolls
 h - a scroll of enchant armour {unknown}
 i - 4 scrolls of identify {unknown}
 j - a scroll of vulnerability {unknown}
 p - a scroll of enchant weapon {unknown}
Potions
 d - 2 potions of might
 g - 3 potions of brilliance {unknown}
 k - a potion of attraction {unknown}
 m - a potion of mutation {unknown}
 o - a potion of heal wounds {unknown}


   Skills:
 - Level 3.2 Fighting
 + Level 4.0 Axes
 - Level 3.2 Armour
 - Level 3.2 Shields


You had 3 spell levels left.
You didn't know any spells.
Your spell library was empty.

Dungeon Overview and Level Annotations

Branches:
Dungeon (2/15)

Altars:

Annotations:
D:2 Natasha


Innate Abilities, Weirdness & Mutations

You are immune to sickness and miasma.
Your stone body is resilient. (AC +3)
You are immune to poison.
You resist negative energy. (rN+)
You are resistant to electric shocks. (rElec)
You are resistant to unholy torment.
You are immune to petrification.


Message History

You hit Natasha but do no damage. Natasha casts a spell at you.
You resist with some effort.
You hit Natasha but do no damage. Natasha claws you.
You hit Natasha but do no damage.
Natasha mumbles some strange words.
You hit Natasha.
Natasha is lightly wounded.
Natasha casts a spell at you. The magic dart hits you!
The crimson imp hits you.
You hit Natasha but do no damage.
Natasha is lightly wounded.
Natasha barely misses you.
You hit Natasha.
Natasha is lightly wounded.
The crimson imp blinks!
Natasha mumbles some strange words.
You hit Natasha but do no damage.
Natasha is lightly wounded.
The crimson imp grinds its teeth.
The crimson imp misses you.
You hit Natasha but do no damage.
Natasha is lightly wounded.
Natasha misses you. The crimson imp misses you.
You hit Natasha.
Natasha is moderately wounded.
Natasha claws you. The shadow imp closely misses you.
The crimson imp barely misses you.
You hit Natasha but do no damage.
Natasha is moderately wounded.
Natasha closely misses you. The shadow imp closely misses you.
The crimson imp hits you.
You barely miss Natasha.
Natasha is moderately wounded.
Natasha claws you. The shadow imp completely misses you.
The crimson imp misses you.
You hit Natasha but do no damage.
Natasha is moderately wounded.
Natasha claws you. The shadow imp hits you.
The crimson imp completely misses you.
You barely miss Natasha.
Natasha is moderately wounded.
Natasha misses you. The shadow imp hits you.
* * * LOW HITPOINT WARNING * * *
The crimson imp misses you.
Okay, then.
The shadow imp misses you.
Your transformation is almost over.
The crimson imp grinds its teeth.
Natasha casts a spell.
The crimson imp blinks!
You feel less batty.
Your +0 war axe unmelds from your body.
Your +0 buckler unmelds from your body.
Your +0 scale mail unmelds from your body.
Your +4 ring of protection unmelds from your body.
Your ring of ice unmelds from your body.
You feel more attuned to ice.
You start resting.
Natasha is nearby!
Natasha stares at you and mumbles some strange words.
The magic dart hits you but does no damage.
Natasha casts a spell at you.
The magic dart hits you but does no damage.
You barely miss Natasha.
Natasha is moderately wounded.
Natasha casts a spell at you. You resist with some effort.
You closely miss Natasha.
Natasha is moderately wounded.
Natasha stares at you and mumbles some strange words.
You feel yourself slow down.
You hit Natasha but do no damage.
Natasha is lightly wounded.
Natasha wildly gestures.
You feel disoriented. Natasha barely misses you. x2
You barely miss Natasha.
Natasha is lightly wounded.
Natasha closely misses you.
Natasha stares at you and mumbles some strange words.
The magic dart hits you but does no damage.
You closely miss Natasha.
Natasha is lightly wounded.
Natasha claws you.
* * * LOW HITPOINT WARNING * * *
Natasha claws you but does no damage.
You closely miss Natasha.
Natasha is lightly wounded.
Natasha casts a spell at you. You resist with some effort.
Natasha barely misses you.
Natasha mumbles some strange words.
Natasha shimmers violently.
Natasha zaps a wand.
You resist with some effort.
You closely miss Natasha.
Natasha is lightly wounded.
Natasha claws you but does no damage.
You miss Natasha.
Natasha is lightly wounded.
Natasha claws you!
You die...

#########
####.......#
#.......##.#
#.##@....#.# ###
#.#..h#..#.####.#####
#..#..#..............
####
#..#.......##.....###
...#
#........#####...##
##.# ###..##.## ##.##
##.## ##...## #.#
....# #.### #.# ##..#
#.# ##'##


You could see Natasha.

Vanquished Creatures
  Natasha (D:2)
  4 ball pythons (D:2)
  7 endoplasms
  A giant cockroach (D:1)
  4 goblins
  4 hobgoblins
  8 jackals
  3 bats
  10 frilled lizards
  3 kobolds
  A rat (D:2)
46 creatures vanquished.

Vanquished Creatures (others)
  6 plants (D:2)
6 creatures vanquished.

Grand Total: 52 creatures vanquished

Notes
Turn   | Place    | Note
-------+----------+-------------------------------------------
     0 | D:1      | CalmDownMonkey the Gargoyle Fighter began the quest for the
                  | Orb.
     0 | D:1      | Reached XP level 1. HP: 14/14 MP: 1/1
   161 | D:1      | Reached skill level 2 in Axes
   459 | D:1      | Reached XP level 2. HP: 19/19 MP: 2/2
   463 | D:1      | Found a faded altar of an unknown god.
  1215 | D:2      | Reached skill level 3 in Axes
  1301 | D:2      | Reached XP level 3. HP: 23/23 MP: 3/3
  1563 | D:2      | Noticed Natasha
  1567 | D:2      | Killed Natasha
  1568 | D:2      | Reached XP level 4. HP: 27/28 MP: 4/4
  1738 | D:2      | Reached skill level 4 in Axes
  2218 | D:2      | Noticed Natasha
  2278 | D:2      | Slain by Natasha

Illustrated notes

Levels and vault maps discovered:
D:1:      erik_arrival_orb_chamber, layout_basic,
          chequers_ecumenical_altar_grove, serial_forest,
          infiniplex_forest_end_1, infiniplex_forest_end_3,
          infiniplex_forest_lined_3, infiniplex_forest_end_double,
          infiniplex_forest_lined_room_
D:2:      layout_loops_corners, minmay_lizard_king, uniq_natasha

Skill      XL: |  1  2  3  4 |
---------------+-------------+-----
Axes           | 2 3 4 |  4.0
Fighting       | |  3.2
Armour         | |  3.2
Shields        | |  3.2

Action                   |  1- 3 |  4- 6 || total
-------------------------+-------+-------++-------
Melee: War axe           |    91 |    46 ||   137
       Unarmed           |       |    17 ||    17
Throw: Boomerang         |     3 |       ||     3
Armor: Scale mail        |    52 |    29 ||    81
Dodge: Dodged            |    35 |    41 ||    76
Block: Buckler           |    22 |    10 ||    32

Table legend: (Time is in decaauts)
 A = Elapsed time spent in this place.
 B = Non-inter-level travel time spent in this place.
 C = Inter-level travel time spent in this place.
 D = Time resting spent in this place.
 E = Time spent auto-exploring this place.
 F = Levels seen in this place.
 G = Mean time per level.
                   A        B        C        D        E       F      G
               +--------+--------+--------+--------+--------+-----+--------+
         Total |   2334 |   2267 |     67 |    175 |   1707 |   2 | 1167.0 |
       Dungeon |   2334 |   2267 |     67 |    175 |   1707 |   2 | 1167.0 |
               +--------+--------+--------+--------+--------+-----+--------+

Top non-repeatable levels by time:
     D:1: 1224 daAuts
     D:2: 1109 daAuts

Table legend:
 A = Kills in this place as a percentage of kills in entire the game.
 B = Kills by you in this place as a percentage of kills by you in the entire game.
 C = Kills by friends in this place as a percentage of kills by friends in the entire game.
 D = Other kills in this place as a percentage of other kills in the entire game.
 E = Experience gained in this place as a percentage of experience gained in the entire game.
 F = Experience gained in this place divided by the number of levels of this place that you have seen.
                   A       B       C       D       E      F
               +-------+-------+-------+-------+-------+----------------------
         Total | 100.0 | 100.0 |   N/A |   N/A | 100.0 |  53.5
       Dungeon | 100.0 | 100.0 |   N/A |   N/A | 100.0 |  53.5
               +-------+-------+-------+-------+-------+----------------------
